 Dungeon Crawl Stone Soup version 0.24.0-41-g2ae2f7f1be (webtiles) character file.

Game seed: 12182727921423055825, levelgen mode: deterministic

30 Goreval the Grave Robber (level 3, -3/26 HPs)
             Began as a Hill Orc Necromancer on Dec 10, 2019.
             Slain by an adder (4 damage)
             ... on level 2 of the Dungeon.
             The game lasted 00:03:33 (1536 turns).

Goreval the Grave Robber (Hill Orc Necromancer)     Turns: 1536, Time: 00:03:33

Health: -3/26      AC:  2    Str: 10    XL:     3   Next: 20%
Magic:  1/6        EV: 12    Int: 16    God:
Gold:   52         SH:  0    Dex: 11    Spells: 4/6 levels left

rFire    . . .     SeeInvis .   b - +0 dagger
rCold    . . .     Gourm    .   (no shield)
rNeg     . . .     Faith    .   a - +0 robe
rPois    .         Spirit   .   (no helmet)
rElec    .         Reflect  .   (no cloak)
rCorr    .         Harm     .   (no gloves)
MR       .....                  (no boots)
Stlth    ++........             (no amulet)
HPRegen  0.08/turn              (no ring)
MPRegen  0.10/turn              (no ring)

@: very slightly contaminated
A: no striking features
a: no special abilities


You were on level 2 of the Dungeon.
You were not hungry.

You visited 1 branch of the dungeon, and saw 2 of its levels.

You collected 52 gold pieces.

Inventory:

Hand Weapons
 b - a +0 dagger (weapon)
 f - a +0 dagger
Armour
 a - a +0 robe (worn)
 h - a +2 helmet
Jewellery
 d - an uncursed ring of protection from cold {unknown}
Scrolls
 e - 3 scrolls of teleportation {unknown}
Potions
 g - a potion of curing {unknown}
Comestibles
 c - 4 rations
 i - 3 chunks of flesh


   Skills:
 - Level 1.5 Dodging
 - Level 1.5 Stealth
 + Level 2.0 Spellcasting
 * Level 4.7 Necromancy


You had 4 spell levels left.
You knew the following spells:

 Your Spells              Type           Power        Failure   Level  Hunger
a - Pain                  Necr           ###.         3%          1    #......
u - Animate Skeleton      Necr           N/A          3%          1    #......

Your spell library contained the following spells:

 Spells                   Type           Power        Failure   Level  Hunger
 Vampiric Draining        Necr           ###.......   9%          3    ###....
 Regeneration             Chrm/Necr      #.........   24%         3    ###....
 Animate Dead             Necr           N/A          30%         4    #####..


Dungeon Overview and Level Annotations

Branches:
Dungeon (1/15)

Altars:


Message History

The adder hisses angrily.
The bat completely misses you. The adder completely misses you.
The goblin barely misses you. The bat closely misses you.
There is an open door here.
The bat closely misses you. The bat hits you but does no damage.
The bat hits you. The bat closely misses you. The worm bites you.
The bat closely misses you. The bat hits you. The worm bites you.
* * * LOW HITPOINT WARNING * * *
The bat hits you but does no damage. The bat closely misses you.
The bat hits you.
* * * LOW HITPOINT WARNING * * *
The adder bites you but does no damage.
Aim: an adder (chance to defeat MR: 81%)
The adder barely resists.
The adder closely misses you.
Aim: an adder (chance to defeat MR: 81%)
The adder writhes in agony.
The adder bites you.
You die...

###### #....# #### .
#....###....
....#########gSS.##S....
.......@Sbg.wS....'.....
###################.....
#..... #..... ##.....
#...... #...... #......
#......


You could see a worm, 3 adders, 2 goblins and a bat.

Vanquished Creatures
  2 dart slugs (D:1)
  2 leopard geckos (D:1)
  2 giant cockroaches (D:1)
  4 goblins (D:1)
  4 hobgoblins (D:1)
  A kobold (D:1)
  3 bats (D:1)
  3 frilled lizards (D:1)
  2 rats (D:1)
23 creatures vanquished.

Vanquished Creatures (collateral kills)
  A kobold (D:1)
1 creature vanquished.

Grand Total: 24 creatures vanquished

Notes
Turn   | Place    | Note
-------+----------+-------------------------------------------
     0 | D:1      | Goreval the Hill Orc Necromancer began the quest for the
                  | Orb.
     0 | D:1      | Reached XP level 1. HP: 14/14 MP: 3/3
   528 | D:1      | Reached XP level 2. HP: 20/20 MP: 2/4
   586 | D:1      | Learned a level 1 spell: Animate Skeleton
  1330 | D:1      | Reached XP level 3. HP: 25/26 MP: 2/6
  1512 | D:1      | You fall into a shaft and drop 1 floor!
  1536 | D:2      | Slain by an adder

Levels and vault maps discovered:
D:1:      dpeg_arrival_chambers_temple_mockup, layout_basic, serial_curves,
          eino_curves_03, eino_curves_02, eino_curves_02
D:2:      layout_basic, lemuel_coloured_pillars_altar

Skill      XL: |  1  2 |
---------------+-------+-----
Spellcasting   | 2 |  2.0
Dodging        | |  1.5
Stealth        | |  1.5
Necromancy     | |  4.7

Action                   || total
-------------------------++-------
Melee: Unarmed           ||     6
       Dagger            ||     6
 Cast: Pain              ||    46
       Animate Skeleton  ||     7
  Eat: Chunk             ||     3
Armor: Robe              ||    22
Dodge: Dodged            ||    52
